TOP OF THE 1ST |
Tampa Pirates batting - Pitching for Miami Whales : LHP Xavier Pickhills
|
Pitching: LHP Xavier Pickhills
|
|
Batting: RHB Erwin Bryant
|
0-0: Ball 1-0: Ball 2-0: Foul Ball, location: 2F 2-1: Foul Ball, location: 2F 2-2: Fly out, F7 (Flyball, 7LS, EV 70.6 MPH)
|
Batting: RHB Ricky Jones
|
0-0: Ball 1-0: Swinging Strike 1-1: Ball 2-1: Foul Ball, location: 2F 2-2: Ball 3-2: Foul Ball, location: 2F 3-2: Strikes out swinging
|
Batting: LHB Pedro Nunez
|
0-0: Called Strike 0-1: Fly out, F7 (Flyball, 7S, EV 89.4 MPH)
|
Top of the 1st over - 0 runs, 0 hits, 0 errors, 0 left on base; Tampa 0 - Miami 0 |
BOTTOM OF THE 1ST |
Miami Whales batting - Pitching for Tampa Pirates : RHP Andre Patillo
|
Pitching: RHP Andre Patillo
|
|
Batting: SHB Ramon Alcantara
|
0-0: Ball 1-0: Foul Ball, location: 2F 1-1: Swinging Strike 1-2: Strikes out swinging
|
Batting: SHB Philip Rossi
|
0-0: Ball 1-0: Called Strike 1-1: Ball 2-1: SINGLE (Groundball, 3S, EV 96.9 MPH)
|
Batting: RHB Tom Grant
|
0-0: Ball 1-0: Swinging Strike 1-1: Ball 2-1: Ball 3-1: Base on Balls Philip Rossi to second
|
Batting: LHB Lorenzo Bundy
|
0-0: Foul Ball, location: 2F 0-1: Ball 1-1: Ball 2-1: Foul Ball, location: 2F 2-2: Fly out, F9 (Line Drive, 9, EV 97.5 MPH)
|
Batting: RHB Steve Benson
|
0-0: Called Strike 0-1: Foul Ball, location: 2F 0-2: Ball 1-2: Ball 2-2: Fly out, F7 (Flyball, 7D, EV 101.9 MPH)
|
Bottom of the 1st over - 0 runs, 1 hit, 0 errors, 2 left on base; Tampa 0 - Miami 0 |
TOP OF THE 2ND |
Tampa Pirates batting - Pitching for Miami Whales : LHP Xavier Pickhills
|
Batting: LHB David Frederick
|
0-0: Ball 1-0: Swinging Strike 1-1: Ball 2-1: Swinging Strike 2-2: Ball 3-2: Base on Balls
|
Batting: RHB Cliff Pastornicky
|
0-0: Ball 1-0: Called Strike 1-1: Ball 2-1: Called Strike 2-2: Strikes out swinging
|
Batting: LHB Alfredo Rodriguez
|
0-0: 2-RUN HOME RUN (Flyball, 9D, EV 109.4 MPH), Distance : 360 ft
|
Batting: RHB Roy Dixon
|
0-0: Swinging Strike 0-1: Ball 1-1: Fly out, F8 (Line Drive, 8LM, EV 107.5 MPH)
|
Batting: SHB Edward Engstler
|
0-0: Ball 1-0: Ball 2-0: Foul Ball, location: 2F 2-1: Ground out 5-3 (Groundball, 56S, EV 76.9 MPH)
|
Top of the 2nd over - 2 runs, 1 hit, 0 errors, 0 left on base; Tampa 2 - Miami 0 |
BOTTOM OF THE 2ND |
Miami Whales batting - Pitching for Tampa Pirates : RHP Andre Patillo
|
Batting: RHB Ramon Cardenas
|
0-0: Called Strike 0-1: Ball 1-1: Swinging Strike 1-2: Ground out 5-3 (Groundball, 56S, EV 90.0 MPH)
|
Batting: RHB Patrick Rubino
|
0-0: Ball 1-0: Called Strike 1-1: Called Strike 1-2: Ground out 3-1 (Groundball, 34S, EV 91.9 MPH)
|
Batting: RHB Butch Rowe
|
0-0: Ball 1-0: Ball 2-0: Ball 3-0: Base on Balls
|
Batting: RHB Jonathan Cordova
|
0-0: TRIPLE (Flyball, 89XD, EV 93.1 MPH) Butch Rowe scores
|
Batting: SHB Ramon Alcantara
|
0-0: Called Strike 0-1: Ground out 4-3 (Groundball, 4, EV 100.6 MPH)
|
Bottom of the 2nd over - 1 run, 1 hit, 0 errors, 1 left on base; Tampa 2 - Miami 1 |
TOP OF THE 3RD |
Tampa Pirates batting - Pitching for Miami Whales : LHP Xavier Pickhills
|
Batting: LHB Charles Rouse
|
0-0: Foul Ball, location: 2F 0-1: SINGLE (Groundball, 6M, EV 94.4 MPH)
|
Batting: RHB Erwin Bryant
|
0-0: Called Strike 0-1: DOUBLE (Flyball, 8LD, EV 98.8 MPH) Charles Rouse to third
|
Batting: RHB Ricky Jones
|
0-0: Called Strike 0-1: Foul Ball, location: 2F 0-2: Ball 1-2: Strikes out swinging
|
Batting: LHB Pedro Nunez
|
0-0: Called Strike 0-1: Foul Ball, location: 2F 0-2: Ball 1-2: Ball 2-2: Foul Ball, location: 2F 2-2: SINGLE (Groundball, P, EV 85.6 MPH) (infield hit) Charles Rouse scores Erwin Bryant to third
|
Batting: LHB David Frederick
|
0-0: Called Strike 0-1: Ball 1-1: Ball 2-1: Fly out, F7 (Flyball, 7, EV 92.5 MPH)
|
Batting: RHB Cliff Pastornicky
|
0-0: Fly out, F9 (Line Drive, 9, EV 105.6 MPH)
|
Top of the 3rd over - 1 run, 3 hits, 0 errors, 2 left on base; Tampa 3 - Miami 1 |
BOTTOM OF THE 3RD |
Miami Whales batting - Pitching for Tampa Pirates : RHP Andre Patillo
|
Batting: SHB Philip Rossi
|
0-0: Ball 1-0: Ball 2-0: Ball 3-0: Foul Ball, location: 2F 3-1: Foul Ball, location: 2F 3-2: Base on Balls
|
Batting: RHB Tom Grant
|
0-0: Ball 1-0: Called Strike 1-1: Ball 2-1: Called Strike 2-2: Ball 3-2: Base on Balls Philip Rossi to second
|
Batting: LHB Lorenzo Bundy
|
0-0: Called Strike 0-1: Ball 1-1: Ball 2-1: Fly out, F9 (Flyball, 9D, EV 98.8 MPH) Runner from 2nd tags up, SAFE at 3rd, no throw by RF
|
Batting: RHB Steve Benson
|
0-0: Foul Ball, location: 2F 0-1: Ball Tom Grant steals 2nd base 1-1: Foul Ball, location: 2F 1-2: Foul Ball, location: 2F 1-2: Ball 2-2: Ball 3-2: Base on Balls
|
Batting: RHB Ramon Cardenas
|
0-0: Foul Ball, location: 2F 0-1: Fielders Choice at 2nd, 5-4 (Groundball, 5, EV 103.8 MPH) Philip Rossi scores Tom Grant to third
|
Batting: RHB Patrick Rubino
|
0-0: Ball 1-0: Fielders Choice at 2nd, 5-4 (Groundball, 56, EV 82.5 MPH)
|
Bottom of the 3rd over - 1 run, 0 hits, 0 errors, 2 left on base; Tampa 3 - Miami 2 |
TOP OF THE 4TH |
Tampa Pirates batting - Pitching for Miami Whales : LHP Xavier Pickhills
|
Batting: LHB Alfredo Rodriguez
|
0-0: Ball 1-0: Ball 2-0: Foul Ball, location: 2F 2-1: Ball 3-1: Ground out 5-3 (Groundball, 5L, EV 104.4 MPH)
|
Batting: RHB Roy Dixon
|
0-0: Ball 1-0: Ball 2-0: Called Strike 2-1: Ground out U3 (Groundball, 3, EV 84.4 MPH)
|
Batting: SHB Edward Engstler
|
0-0: Called Strike 0-1: Ball 1-1: Swinging Strike 1-2: Strikes out swinging
|
Top of the 4th over - 0 runs, 0 hits, 0 errors, 0 left on base; Tampa 3 - Miami 2 |
BOTTOM OF THE 4TH |
Miami Whales batting - Pitching for Tampa Pirates : RHP Andre Patillo
|
Batting: RHB Butch Rowe
|
0-0: Called Strike 0-1: Foul Ball, location: 2F 0-2: Ball 1-2: Strikes out swinging
|
Batting: RHB Jonathan Cordova
|
0-0: Ball 1-0: Ball 2-0: Ball 3-0: Called Strike 3-1: SINGLE (Line Drive, 7S, EV 110.0 MPH)
|
Batting: SHB Ramon Alcantara
|
0-0: Swinging Strike 0-1: Ball 1-1: Called Strike 1-2: Foul Ball, location: 2F 1-2: Ball 2-2: Fielders Choice at 2nd, 4-6 (Groundball, 4, EV 77.5 MPH)
|
Batting: SHB Philip Rossi
|
0-0: Ball 1-0: Ball 2-0: Called Strike 2-1: Called Strike 2-2: Ball 3-2: SINGLE (Line Drive, 4MD, EV 93.8 MPH) Ramon Alcantara to second Ramon Alcantara to third
|
Batting: RHB Tom Grant
|
0-0: Ball 1-0: Ball 2-0: Called Strike 2-1: Ball 3-1: Swinging Strike 3-2: Strikes out swinging
|
Bottom of the 4th over - 0 runs, 2 hits, 0 errors, 2 left on base; Tampa 3 - Miami 2 |
TOP OF THE 5TH |
Tampa Pirates batting - Pitching for Miami Whales : LHP Xavier Pickhills
|
Batting: LHB Charles Rouse
|
0-0: Hit by Pitch
|
Batting: RHB Erwin Bryant
|
0-0: Bunt missed! 0-1: Ball 1-1: Sac Bunt to 13 - play at first, batter OUT! 1-4 Charles Rouse to second
|
Batting: RHB Ricky Jones
|
0-0: Foul Ball, location: 2F 0-1: Foul Ball, location: 2F 0-2: Ball 1-2: Ball 2-2: Foul Ball, location: 2F 2-2: Ball 3-2: Fly out, F8 (Line Drive, 8LD, EV 85.6 MPH)
|
Batting: LHB Pedro Nunez
|
0-0: Ball 1-0: Called Strike 1-1: Foul Ball, location: 2F 1-2: Strikes out swinging
|
Top of the 5th over - 0 runs, 0 hits, 0 errors, 1 left on base; Tampa 3 - Miami 2 |
BOTTOM OF THE 5TH |
Miami Whales batting - Pitching for Tampa Pirates : RHP Andre Patillo
|
Batting: LHB Lorenzo Bundy
|
0-0: Ball 1-0: Foul Ball, location: 2F 1-1: Swinging Strike 1-2: Ball 2-2: Ground out 4-3 (Groundball, 34, EV 97.5 MPH)
|
Batting: RHB Steve Benson
|
0-0: Ball 1-0: Called Strike 1-1: Ball 2-1: Swinging Strike 2-2: Fly out, F8 (Line Drive, 8LD, EV 94.4 MPH)
|
Batting: RHB Ramon Cardenas
|
0-0: Ball 1-0: Ball 2-0: Fly out, F9 (Flyball, 89XD, EV 108.1 MPH)
|
Bottom of the 5th over - 0 runs, 0 hits, 0 errors, 0 left on base; Tampa 3 - Miami 2 |
TOP OF THE 6TH |
Tampa Pirates batting - Pitching for Miami Whales : LHP Xavier Pickhills
|
Batting: LHB David Frederick
|
0-0: Called Strike 0-1: Ball 1-1: SINGLE (Groundball, 25, EV 61.9 MPH) (infield hit)
|
Batting: RHB Cliff Pastornicky
|
0-0: Grounds into double play, 6-4-3 (Groundball, 6, EV 85.0 MPH)
|
Batting: LHB Alfredo Rodriguez
|
0-0: Ball 1-0: Called Strike 1-1: Called Strike 1-2: Strikes out looking
|
Top of the 6th over - 0 runs, 1 hit, 0 errors, 0 left on base; Tampa 3 - Miami 2 |
BOTTOM OF THE 6TH |
Miami Whales batting - Pitching for Tampa Pirates : RHP Andre Patillo
|
Batting: RHB Patrick Rubino
|
0-0: SINGLE (Flyball, 6D, EV 90.6 MPH)
|
Batting: RHB Butch Rowe
|
0-0: Called Strike 0-1: Fly out, F4 (Popup, 34, EV 66.3 MPH)
|
Batting: RHB Jonathan Cordova
|
0-0: Ball 1-0: Foul Ball, location: 2F 1-1: Foul Ball, location: 2F 1-2: Foul Ball, location: 2F 1-2: Ball 2-2: Grounds into double play, 6-4-3 (Groundball, 6, EV 78.8 MPH)
|
Bottom of the 6th over - 0 runs, 1 hit, 0 errors, 0 left on base; Tampa 3 - Miami 2 |
TOP OF THE 7TH |
Tampa Pirates batting - Pitching for Miami Whales : LHP Xavier Pickhills
|
Batting: RHB Roy Dixon
|
0-0: Swinging Strike 0-1: Called Strike 0-2: Ball 1-2: Strikes out swinging
|
Batting: SHB Edward Engstler
|
0-0: Ball 1-0: Fly out, F9 (Flyball, 9, EV 66.3 MPH)
|
Batting: LHB Charles Rouse
|
0-0: Called Strike 0-1: Called Strike 0-2: Ball 1-2: Strikes out swinging
|
Top of the 7th over - 0 runs, 0 hits, 0 errors, 0 left on base; Tampa 3 - Miami 2 |
BOTTOM OF THE 7TH |
Miami Whales batting - Pitching for Tampa Pirates : RHP Andre Patillo
|
Batting: SHB Ramon Alcantara
|
0-0: Called Strike 0-1: Swinging Strike 0-2: Ball 1-2: Fly out, F5 (Popup, 5S, EV 88.8 MPH)
|
Batting: SHB Philip Rossi
|
0-0: Fly out, F9 (Flyball, 9, EV 90.6 MPH)
|
Batting: RHB Tom Grant
|
0-0: Ball 1-0: Called Strike 1-1: Fly out, F8 (Line Drive, 8LM, EV 102.5 MPH)
|
Bottom of the 7th over - 0 runs, 0 hits, 0 errors, 0 left on base; Tampa 3 - Miami 2 |
TOP OF THE 8TH |
Tampa Pirates batting - Pitching for Miami Whales : LHP Xavier Pickhills
|
Batting: RHB Erwin Bryant
|
0-0: Ball 1-0: Ball 2-0: Foul Ball, location: 2F 2-1: Ball 3-1: Foul Ball, location: 2F 3-2: Strikes out swinging
|
Batting: RHB Ricky Jones
|
0-0: Ball 1-0: Called Strike 1-1: Ball 2-1: Foul Ball, location: 2F 2-2: Foul Ball, location: 2F 2-2: Foul Ball, location: 2F 2-2: Foul Ball, location: 2F 2-2: Foul Ball, location: 2F 2-2: Ball 3-2: Base on Balls
|
Batting: LHB Pedro Nunez
|
0-0: Swinging Strike 0-1: Called Strike 0-2: Ball 1-2: Ball 2-2: Ball 3-2: Foul Ball, location: 2F 3-2: Strikes out swinging Ricky Jones is caught stealing 2nd base 2-6 Batter strikes out.
|
Top of the 8th over - 0 runs, 0 hits, 0 errors, 0 left on base; Tampa 3 - Miami 2 |
BOTTOM OF THE 8TH |
Miami Whales batting - Pitching for Tampa Pirates : RHP Andre Patillo
|
Batting: LHB Lorenzo Bundy
|
0-0: Called Strike 0-1: Ball 1-1: Ball 2-1: Ball 3-1: Swinging Strike 3-2: Fly out, F8 (Flyball, 89D, EV 99.4 MPH)
|
Batting: RHB Steve Benson
|
0-0: Called Strike 0-1: Foul Ball, location: 2F 0-2: Fly out, F7 (Flyball, 7, EV 80.0 MPH)
|
Batting: RHB Ramon Cardenas
|
0-0: Ball 1-0: SINGLE (Groundball, 6M, EV 103.8 MPH) (infield hit)
|
Batting: RHB Patrick Rubino
|
0-0: Ball 1-0: Foul Ball, location: 2F 1-1: Ball 2-1: Foul Ball, location: 2F 2-2: Fly out, F6 (Popup, 6MD, EV 53.1 MPH)
|
Bottom of the 8th over - 0 runs, 1 hit, 0 errors, 1 left on base; Tampa 3 - Miami 2 |
TOP OF THE 9TH |
Tampa Pirates batting - Pitching for Miami Whales : LHP Xavier Pickhills
|
Batting: LHB David Frederick
|
0-0: Ball 1-0: SINGLE (Groundball, 56D, EV 103.8 MPH)
|
Batting: RHB Cliff Pastornicky
|
0-0: Ball 1-0: Fly out, F9 (Flyball, 9LS, EV 86.3 MPH)
|
Batting: LHB Alfredo Rodriguez
|
0-0: Ball 1-0: Fielders Choice at 2nd, 4-6 (Groundball, 34, EV 86.3 MPH)
|
Batting: RHB Roy Dixon
|
0-0: Called Strike 0-1: Ball 1-1: Called Strike 1-2: Foul Ball, location: 2F 1-2: Foul Ball, location: 2F 1-2: Foul Ball, location: 2F 1-2: SINGLE (Line Drive, 8RS, EV 90.6 MPH) Alfredo Rodriguez to second Runner from 2nd tries for 3rd, SAFE, no throw by CF
|
Batting: SHB Edward Engstler
|
0-0: Called Strike 0-1: Ball 1-1: Swinging Strike 1-2: Strikes out swinging
|
Top of the 9th over - 0 runs, 2 hits, 0 errors, 2 left on base; Tampa 3 - Miami 2 |
BOTTOM OF THE 9TH |
Miami Whales batting - Pitching for Tampa Pirates : RHP Andre Patillo
|
Pitching: LHP Christopher Lombardo
|
|
Batting: RHB Butch Rowe
|
0-0: Called Strike 0-1: Ball 1-1: Foul Ball, location: 2F 1-2: Ball 2-2: Fly out, F9 (Flyball, 9LD, EV 98.8 MPH)
|
Pinch Hitting: RHB Alex Dominguez
|
0-0: Called Strike 0-1: Fly out, F8 (Flyball, 8RS, EV 77.5 MPH)
|
Pinch Hitting: RHB Donald Morris
|
0-0: Ball 1-0: SINGLE (Groundball, 13S, EV 65.0 MPH) (infield hit)
|
Batting: SHB Philip Rossi
|
0-0: Foul Ball, location: 2F 0-1: Swinging Strike 0-2: Ball 1-2: Ball 2-2: Ground out 5-3 (Groundball, 25, EV 80.6 MPH)
|
Bottom of the 9th over - 0 runs, 1 hit, 0 errors, 1 left on base; Tampa 3 - Miami 2 |
|